NCAA
WAKE FOREST DEMON DEACONS @ NORTH CAROLINA STATE WOLFPACK
05/14/2030
 
TOP OF THE 1ST
Wake Forest Demon Deacons batting - Pitching for North Carolina State Wolfpack : RHP Jim Puckett
Pitching: RHP Jim Puckett
Batting: RHB Tyler Robinson 0-0: Ball
1-0: Called Strike
1-1: Called Strike
1-2: Ball
2-2: Foul Ball, location: 2F
2-2: Ball
3-2: Fly out, F6 (Flyball, 6MD)
Batting: RHB Jack Hogan 0-0: Fly out, F9 (Flyball, 89XD)
Batting: RHB William Allen 0-0: Ball
1-0: Called Strike
1-1: Ball
2-1: Swinging Strike
2-2: Ball
3-2: Foul Ball, location: 2F
3-2: Base on Balls
Batting: LHB Don Harris 0-0: Foul Ball, location: 2F
0-1: Ball
1-1: Swinging Strike
1-2: Ball
Wild Pitch!
William Allen to second
2-2: Strikes out swinging
Top of the 1st over - 0 runs, 0 hits, 0 errors, 1 left on base; Wake Forest 0 - North Carolina State 0
BOTTOM OF THE 1ST
North Carolina State Wolfpack batting - Pitching for Wake Forest Demon Deacons : LHP Sherman Gordon
Pitching: LHP Sherman Gordon
Batting: LHB Steven Gregory 0-0: Called Strike
0-1: Ball
1-1: Ball
2-1: SINGLE (Groundball, 3D)
Batting: LHB Nick Henderson 0-0: Called Strike
0-1: Ball
1-1: SINGLE (Line Drive, 34D)
Steven Gregory to second
Runner from 2nd tries for 3rd, SAFE, no throw
Batting: RHB Ronald McMillan 0-0: Foul Ball, location: 2F
0-1: Ball
1-1: Swinging Strike
1-2: Grounds into double play, 6-4-3 (Groundball, 6)
Steven Gregory scores
Batting: LHB Ramón Quintanilla 0-0: Ball
1-0: SINGLE (Groundball, 6MS) (infield hit)
Batting: LHB Ryan Cook 0-0: Swinging Strike
0-1: Foul Ball, location: 2F
0-2: Foul Ball, location: 2F
0-2: Ball
1-2: SINGLE (Flyball, 8RS)
Ramón Quintanilla to second
Batting: RHB Chris Seals 0-0: Ball
1-0: Ball
2-0: Called Strike
2-1: Ball
3-1: Called Strike
3-2: Base on Balls
Ramón Quintanilla to third
Ryan Cook to second
Batting: SHB Mark Hendree 0-0: Ball
1-0: Ball
2-0: Ball
3-0: Called Strike
3-1: Base on Balls
Ramón Quintanilla scores
Ryan Cook to third
Chris Seals to second
Batting: LHB Trent Harper 0-0: Ball
1-0: Fielders Choice at 2nd, U4 (Groundball, 4M)
Bottom of the 1st over - 2 runs, 4 hits, 0 errors, 3 left on base; Wake Forest 0 - North Carolina State 2
TOP OF THE 2ND
Wake Forest Demon Deacons batting - Pitching for North Carolina State Wolfpack : RHP Jim Puckett
Batting: RHB Mike Pope 0-0: Ball
1-0: Ground out 6-3 (Groundball, 6)
Batting: RHB Tim Workman 0-0: Ball
1-0: Called Strike
1-1: Ball
2-1: Ground out 1-3 (Groundball, 13S)
Batting: RHB Rob Miller 0-0: Called Strike
0-1: Ball
1-1: Foul Ball, location: 2F
1-2: Ball
2-2: Strikes out swinging
Top of the 2nd over - 0 runs, 0 hits, 0 errors, 0 left on base; Wake Forest 0 - North Carolina State 2
BOTTOM OF THE 2ND
North Carolina State Wolfpack batting - Pitching for Wake Forest Demon Deacons : LHP Sherman Gordon
Batting: LHB Garrett Roberson 0-0: Ball
1-0: Ground out 6-3 (Groundball, 56)
Batting: LHB Steven Gregory 0-0: Foul Ball, location: 2F
0-1: Foul Ball, location: 2F
0-2: Ball
1-2: Ball
2-2: Ground out 3-1 (Groundball, 34D)
Batting: LHB Nick Henderson 0-0: Swinging Strike
0-1: SINGLE (Flyball, 7S)
Batting: RHB Ronald McMillan 0-0: Called Strike
0-1: Ball
1-1: Ball
2-1: DOUBLE (Line Drive, 9LM)
Nick Henderson to third
Runner from 3rd tries for Home, SAFE, throw made at trailing runner, OUT at third!
Bottom of the 2nd over - 1 run, 2 hits, 0 errors, 0 left on base; Wake Forest 0 - North Carolina State 3
TOP OF THE 3RD
Wake Forest Demon Deacons batting - Pitching for North Carolina State Wolfpack : RHP Jim Puckett
Batting: RHB Doug Dunlap 0-0: Foul Ball, location: 2F
0-1: Called Strike
0-2: Ball
1-2: Ground out 4-3 (Groundball, 4S)
Batting: RHB William Hudson 0-0: Swinging Strike
0-1: Swinging Strike
0-2: Strikes out swinging
Batting: RHB Tyler Robinson 0-0: Ball
1-0: Foul Ball, location: 2F
1-1: Ball
2-1: SINGLE (Groundball, 6MD)
Batting: RHB Jack Hogan 0-0: Fly out, F9 (Flyball, 9D)
Top of the 3rd over - 0 runs, 1 hit, 0 errors, 1 left on base; Wake Forest 0 - North Carolina State 3
BOTTOM OF THE 3RD
North Carolina State Wolfpack batting - Pitching for Wake Forest Demon Deacons : LHP Sherman Gordon
Batting: LHB Ramón Quintanilla 0-0: Ball
1-0: Ball
2-0: Ball
3-0: Called Strike
3-1: Called Strike
3-2: Foul Ball, location: 2F
3-2: Foul Ball, location: 2F
3-2: Ground out 4-3 (Groundball, 34D)
Batting: LHB Ryan Cook 0-0: Foul Ball, location: 2F
0-1: Ball
1-1: Ground out 4-3 (Groundball, 4)
Batting: RHB Chris Seals 0-0: Ball
1-0: Ball
2-0: Ground out 6-3 (Groundball, 6)
Bottom of the 3rd over - 0 runs, 0 hits, 0 errors, 0 left on base; Wake Forest 0 - North Carolina State 3
TOP OF THE 4TH
Wake Forest Demon Deacons batting - Pitching for North Carolina State Wolfpack : RHP Jim Puckett
Batting: RHB William Allen 0-0: Called Strike
0-1: Ball
1-1: SINGLE (Line Drive, 78M)
Batting: LHB Don Harris 0-0: Ball
1-0: Foul Ball, location: 2F
1-1: Fielders Choice at 2nd, 2-4 (Groundball, 2L)
Batting: RHB Mike Pope 0-0: 2-RUN HOME RUN (Flyball, 9D), Distance : 356 ft
Batting: RHB Tim Workman 0-0: Ball
1-0: Foul Ball, location: 2F
1-1: Ball
2-1: Fly out, F7 (Flyball, 78M)
Batting: RHB Rob Miller 0-0: Called Strike
0-1: Ball
1-1: Swinging Strike
1-2: Ball
2-2: Foul Ball, location: 2F
2-2: Strikes out swinging
Top of the 4th over - 2 runs, 2 hits, 0 errors, 0 left on base; Wake Forest 2 - North Carolina State 3
BOTTOM OF THE 4TH
North Carolina State Wolfpack batting - Pitching for Wake Forest Demon Deacons : LHP Sherman Gordon
Batting: SHB Mark Hendree 0-0: Ball
1-0: Ball
2-0: Ball
3-0: Called Strike
3-1: Fly out, F8 (Line Drive, 8LM)
Batting: LHB Trent Harper 0-0: Fly out, F9 (Flyball, 89M)
Batting: LHB Garrett Roberson 0-0: Ball
1-0: Ball
2-0: TRIPLE (Line Drive, 89XD)
Batting: LHB Steven Gregory 0-0: Ball
1-0: Called Strike
1-1: Ball
2-1: Ground out 3-1 (Groundball, 34)
Bottom of the 4th over - 0 runs, 1 hit, 0 errors, 1 left on base; Wake Forest 2 - North Carolina State 3
TOP OF THE 5TH
Wake Forest Demon Deacons batting - Pitching for North Carolina State Wolfpack : RHP Jim Puckett
Batting: RHB Doug Dunlap 0-0: Swinging Strike
0-1: Ball
1-1: Foul Ball, location: 2F
1-2: Foul Ball, location: 2F
1-2: Ball
2-2: Foul Ball, location: 2F
2-2: Foul Ball, location: 2F
2-2: Ball
3-2: Ground out 6-3 (Groundball, 6)
Batting: RHB William Hudson 0-0: Ball
1-0: Foul Ball, location: 2F
1-1: Ball
2-1: Swinging Strike
2-2: Strikes out swinging
Batting: RHB Tyler Robinson 0-0: Ball
1-0: Ball
2-0: Ball
3-0: Called Strike
3-1: Called Strike
3-2: Base on Balls
Pitching: RHP Steve Harrison
Batting: RHB Jack Hogan 0-0: Ball
1-0: Foul Ball, location: 2F
1-1: Swinging Strike
1-2: Ball
2-2: Ball
3-2: Foul Ball, location: 2F
3-2: Fly out, F4 (Popup, 4M)
Top of the 5th over - 0 runs, 0 hits, 0 errors, 1 left on base; Wake Forest 2 - North Carolina State 3
BOTTOM OF THE 5TH
North Carolina State Wolfpack batting - Pitching for Wake Forest Demon Deacons : LHP Sherman Gordon
Batting: LHB Nick Henderson 0-0: Called Strike
0-1: SINGLE (Line Drive, 78S)
Batting: RHB Ronald McMillan 0-0: Ball
1-0: Called Strike
1-1: Foul Ball, location: 2F
1-2: Foul Ball, location: 2F
1-2: Foul Ball, location: 2F
1-2: Strikes out swinging
Batting: LHB Ramón Quintanilla 0-0: Ball
1-0: Fly out, F5 (Popup, 56S)
Pitching: RHP José Villanueva
Batting: LHB Ryan Cook 0-0: Called Strike
0-1: Ball
1-1: Ball
2-1: Ground out 3-1 (Groundball, 3)
Bottom of the 5th over - 0 runs, 1 hit, 0 errors, 1 left on base; Wake Forest 2 - North Carolina State 3
TOP OF THE 6TH
Wake Forest Demon Deacons batting - Pitching for North Carolina State Wolfpack : RHP Steve Harrison
Batting: RHB William Allen 0-0: Foul Ball, location: 2F
0-1: Ball
1-1: Ball
2-1: Foul Ball, location: 2F
2-2: Strikes out swinging
Batting: LHB Don Harris 0-0: Ball
1-0: Called Strike
1-1: SINGLE (Groundball, 6D)
Batting: RHB Mike Pope 0-0: Ball
1-0: Called Strike
1-1: Ball
2-1: Fly out, F8 (Flyball, 8LM)
Batting: RHB Tim Workman 0-0: Called Strike
Pickoff Throw to First - Error! E1
Don Harris to second
0-1: Ball
1-1: Ball
2-1: SINGLE (Line Drive, 89S)
Don Harris to third
Batting: RHB Rob Miller 0-0: Ball
1-0: Ball
2-0: Ball
3-0: Called Strike
3-1: Base on Balls
Tim Workman to second
Batting: RHB Doug Dunlap 0-0: Ball
1-0: Foul Ball, location: 2F
1-1: Called Strike
1-2: Ball
2-2: Ball
3-2: Foul Ball, location: 2F
3-2: Foul Ball, location: 2F
3-2: Base on Balls
Don Harris scores
Tim Workman to third
Rob Miller to second
Batting: RHB William Hudson 0-0: Foul Ball, location: 2F
0-1: Foul Ball, location: 2F
0-2: Ball
1-2: Ball
2-2: SINGLE (Groundball, 34D) (infield hit)
Tim Workman scores
Rob Miller to third
Doug Dunlap to second
Pitching: LHP Brian Armstrong
Batting: RHB Tyler Robinson 0-0: Called Strike
0-1: Swinging Strike
0-2: Fielders Choice at 2nd, 5-4 (Groundball, 56)
Top of the 6th over - 2 runs, 3 hits, 1 error, 3 left on base; Wake Forest 4 - North Carolina State 3
BOTTOM OF THE 6TH
North Carolina State Wolfpack batting - Pitching for Wake Forest Demon Deacons : RHP José Villanueva
Batting: RHB Chris Seals 0-0: Foul Ball, location: 2F
0-1: Ball
1-1: SINGLE (Groundball, 6D)
Batting: SHB Mark Hendree 0-0: Called Strike
0-1: Ball
1-1: Foul Ball, location: 2F
1-2: Strikes out swinging
Batting: LHB Trent Harper 0-0: Ball
1-0: Foul Ball, location: 2F
1-1: Foul Ball, location: 2F
1-2: SINGLE (Line Drive, 9LS)
Chris Seals to second
Runner from 2nd tries for 3rd, SAFE, no throw
Batting: LHB Garrett Roberson 0-0: Called Strike
0-1: Fly out, F7 (Flyball, 78M)
Runner from 3rd tags up, SCORES, throw made
Batting: LHB Steven Gregory 0-0: Called Strike
0-1: Swinging Strike
0-2: Strikes out swinging
Bottom of the 6th over - 1 run, 2 hits, 0 errors, 1 left on base; Wake Forest 4 - North Carolina State 4
TOP OF THE 7TH
Wake Forest Demon Deacons batting - Pitching for North Carolina State Wolfpack : LHP Brian Armstrong
Batting: RHB Jack Hogan 0-0: Ball
1-0: Called Strike
1-1: Ball
2-1: Swinging Strike
2-2: Foul Ball, location: 2F
2-2: Strikes out swinging
Batting: RHB William Allen 0-0: Ball
1-0: Foul Ball, location: 2F
1-1: Called Strike
1-2: Fly out, F9 (Flyball, 89S)
Batting: LHB Don Harris 0-0: Ball
1-0: SOLO HOME RUN (Flyball, 9LD), Distance : 318 ft
Batting: RHB Mike Pope 0-0: Foul Ball, location: 2F
0-1: Foul Ball, location: 2F
0-2: Ball
1-2: Foul Ball, location: 2F
1-2: Foul Ball, location: 2F
1-2: Strikes out swinging
Top of the 7th over - 1 run, 1 hit, 0 errors, 0 left on base; Wake Forest 5 - North Carolina State 4
BOTTOM OF THE 7TH
North Carolina State Wolfpack batting - Pitching for Wake Forest Demon Deacons : RHP José Villanueva
Pitching: LHP David Vallabares
Batting: LHB Nick Henderson 0-0: Ball
1-0: Ball
2-0: Called Strike
2-1: Foul Ball, location: 2F
2-2: Foul Ball, location: 2F
2-2: Foul Ball, location: 2F
2-2: Foul Ball, location: 2F
2-2: Fly out, F8 (Flyball, 78M)
Pitching: RHP Steve Crowe
Batting: RHB Ronald McMillan 0-0: Called Strike
0-1: Ball
1-1: Ball
2-1: Ball
3-1: Base on Balls
Batting: LHB Ramón Quintanilla 0-0: Ball
1-0: Ball
2-0: Foul Ball, location: 2F
2-1: Swinging Strike
2-2: Strikes out swinging
Batting: LHB Ryan Cook 0-0: Ball
1-0: Ball
2-0: Ball
3-0: Base on Balls
Ronald McMillan to second
Batting: RHB Chris Seals 0-0: Ball
1-0: Foul Ball, location: 2F
1-1: Ball
2-1: Ball
3-1: Base on Balls
Ronald McMillan to third
Ryan Cook to second
Batting: SHB Mark Hendree 0-0: Foul Ball, location: 2F
0-1: Swinging Strike
0-2: Ball
1-2: Ball
2-2: Ball
3-2: Base on Balls
Ronald McMillan scores
Ryan Cook to third
Chris Seals to second
Pinch Hitting: RHB Joe Davis 0-0: Called Strike
0-1: Foul Ball, location: 2F
0-2: Strikes out looking
Bottom of the 7th over - 1 run, 0 hits, 0 errors, 3 left on base; Wake Forest 5 - North Carolina State 5
TOP OF THE 8TH
Wake Forest Demon Deacons batting - Pitching for North Carolina State Wolfpack : LHP Brian Armstrong
Now at 3B: Chris Curry
Batting: RHB Tim Workman 0-0: Ball
1-0: Ball
2-0: Ball
3-0: Called Strike
3-1: Called Strike
3-2: Ground out 4-3 (Groundball, 4)
Batting: RHB Rob Miller 0-0: Foul Ball, location: 2F
0-1: Ball
1-1: SINGLE (Line Drive, 56)
Batting: RHB Doug Dunlap 0-0: Foul Ball, location: 2F
0-1: Ball
1-1: Ball
2-1: Called Strike
2-2: SINGLE (Groundball, 56S) (infield hit)
Rob Miller to second
Pitching: LHP Michael Turner
Batting: RHB William Hudson 0-0: Called Strike
0-1: Fielders Choice at 2nd, 4-6 (Groundball, 4D)
Rob Miller to third
Batting: RHB Tyler Robinson 0-0: Called Strike
0-1: Ball
William Hudson steals 2nd base
1-1: Ball
2-1: Ground out U3 (Groundball, 34)
Top of the 8th over - 0 runs, 2 hits, 0 errors, 2 left on base; Wake Forest 5 - North Carolina State 5
BOTTOM OF THE 8TH
North Carolina State Wolfpack batting - Pitching for Wake Forest Demon Deacons : RHP Steve Crowe
Pinch Hitting: SHB Paul Campbell 0-0: Ball
1-0: Foul Ball, location: 2F
1-1: Foul Ball, location: 2F
1-2: Strikes out looking
Batting: LHB Steven Gregory 0-0: Foul Ball, location: 2F
0-1: Ball
1-1: Ball
2-1: SINGLE (Groundball, 34D)
Batting: LHB Nick Henderson 0-0: Ball
1-0: Called Strike
Steven Gregory steals 2nd base
1-1: Foul Ball, location: 2F
1-2: SINGLE (Groundball, 15S) (infield hit)
Steven Gregory to third
Batting: RHB Ronald McMillan 0-0: Ball
1-0: Called Strike
1-1: Called Strike
1-2: Strikes out swinging
Batting: LHB Ramón Quintanilla 0-0: Ball
1-0: Called Strike
1-1: Swinging Strike
1-2: Ball
2-2: Foul Ball, location: 2F
2-2: Foul Ball, location: 2F
2-2: Strikes out swinging
Bottom of the 8th over - 0 runs, 2 hits, 0 errors, 2 left on base; Wake Forest 5 - North Carolina State 5
TOP OF THE 9TH
Wake Forest Demon Deacons batting - Pitching for North Carolina State Wolfpack : LHP Michael Turner
Now at 2B: Paul Campbell
Batting: RHB Jack Hogan 0-0: Ball
1-0: Ball
2-0: Called Strike
2-1: SINGLE (Groundball, 6MD)
Batting: RHB William Allen 0-0: Called Strike
0-1: SINGLE (Groundball, 56D)
Jack Hogan to second
Batting: LHB Don Harris 0-0: Reached on error, E6 (Groundball, 6S)
Jack Hogan scores
William Allen to third
Batting: RHB Mike Pope 0-0: Intentional Walk
Batting: RHB Tim Workman 0-0: Ball
1-0: Ball
2-0: Called Strike
2-1: Foul Ball, location: 2F
2-2: Strikes out looking
Batting: RHB Rob Miller 0-0: Ball
1-0: Ball
2-0: Called Strike
2-1: Fly out, F7 (Flyball, 7LS)
Batting: RHB Doug Dunlap 0-0: Ball
1-0: Foul Ball, location: 2F
1-1: Swinging Strike
1-2: Ball
2-2: Strikes out looking
Top of the 9th over - 1 run, 2 hits, 1 error, 3 left on base; Wake Forest 6 - North Carolina State 5
BOTTOM OF THE 9TH
North Carolina State Wolfpack batting - Pitching for Wake Forest Demon Deacons : RHP Steve Crowe
Batting: LHB Ryan Cook 0-0: Called Strike
0-1: Swinging Strike
0-2: Ball
1-2: SINGLE (Line Drive, 9S)
Batting: RHB Chris Seals 0-0: Sac Bunt - play at first, batter OUT! 1-4
Ryan Cook to second
Pitching: RHP Tracy Ferguson
Batting: SHB Mark Hendree 0-0: Foul Ball, location: 2F
0-1: Called Strike
0-2: Strikes out swinging
Pinch Hitting: RHB Alex Miller 0-0: Ball
1-0: SINGLE (Groundball, 34) (infield hit)
Ryan Cook to third
Batting: SHB Paul Campbell 0-0: Called Strike
0-1: Ball
1-1: Ball
2-1: Foul Ball, location: 2F
2-2: Fielders Choice at 2nd, 6-4 (Groundball, 6)
Bottom of the 9th over - 0 runs, 2 hits, 0 errors, 2 left on base; Wake Forest 6 - North Carolina State 5
Saturday, April 7th, 2018 - OOTP Baseball 18.8 Build 76